 Dungeon Crawl Stone Soup version bcrawl-1.38.2 (webtiles) character file.

Game seed: 1767537351580399052

15256529 Artagas the Infernalist (level 27, 311/321 HPs)
             Began as a Fairy Fighter on Apr 13, 2023.
             Was the Champion of Sif Muna.
             Escaped with the Orb
             ... and 4 runes on Apr 24, 2023!
             The game lasted 04:02:35 (74027 turns).

Artagas the Infernalist (Fairy Fighter)            Turns: 74027, Time: 04:02:36

Health: 311/321    AC: 16    Str: 24    XL:     27
Magic:  31/47      EV: 23    Int: 27    God:    Sif Muna [******]
Gold:   2829       SH: 16    Dex: 18    Spells: 6/62 levels left

rFire    + + +     GDR:     38%   - Teeth and claws (95.6)
rCold    x . .     SeeInvis .   (shield currently unavailable)
rNeg     . . .     Gourm    .   (armour unavailable)
rPois    +         Faith    .   (helmet currently unavailable)
rElec    .         Spirit   .   (cloak currently unavailable)
rCorr    .         Reflect  +   (gloves currently unavailable)
MR       ++++.                  (boots currently unavailable)
Stlth    +.........             a - +4 amulet of reflection
HPRegen  0.63/turn              m - ring of protection from magic
MPRegen  0.30/turn              r - ring of Light {*Corrode +Fly rF+ MR+ Dex+3}

@: brilliant, dragon-form (expiring), flying evasively, very slightly
contaminated
A: giant, magic attunement, unstealthy, unfitting armour, repulsion field 1,
mutation resistance 1, robust 1, subdued magic 1, AC/SH +12
0: Orb of Zot
}: 4/15 runes: serpentine, slimy, silver, gossamer
a: End Transformation, Divine Energy, Channel Magic, Forget Spell, Moment of
Magic, Renounce Religion, Breathe Fire


You escaped.
You worshipped Sif Muna.
Sif Muna was exalted by your worship.
You were very full.
You were a fearsome dragon!
You visited 12 branches of the dungeon, and saw 49 of its levels.
You also visited: Sewer.

You collected 6596 gold pieces.
You spent 3767 gold pieces at shops.

Inventory:

Armour
 f - the +0 Maxwell's etheric cage {RegenMP+ *Contam rElec Stlth-}
   (You found it on level 3 of the Vaults)

   It insulates you from electricity.
   It causes magical contamination when unequipped.
   It makes you less stealthy.
 j - a +0 pair of boots (melded)
   (You found it on level 3 of the Spider Nest)
 u - a +1 cloak of magic resistance (melded)
   (You found it on level 3 of the Elven Halls)
 L - the +2 helmet "Earthly Heaven" (melded) {rF+ Dex-5 SInv}
   (You bought it in a shop in the Orcish Mines)

   It affects your dexterity (-5).
   It protects you from fire.
   It lets you see invisible.
 U - a +0 pair of gloves (melded)
   (You found it on level 2 of the Dungeon)
Jewellery
 a - a +4 amulet of reflection (around neck)
   (You found it on level 11 of the Dungeon)
 i - an uncursed ring of see invisible
   (You took it off a vault warden on level 3 of the Vaults)
 m - a ring of protection from magic (left foreclaw)
   (You found it on level 5 of the Pits of Slime)
 r - the ring of Light (right foreclaw) {*Corrode +Fly rF+ MR+ Dex+3}
   (You bought it in a shop on level 12 of the Dungeon)

   [ring of flight]

   It affects your dexterity (+3).
   It protects you from fire.
   It affects your resistance to hostile enchantments.
   It lets you fly.
   It may corrode you when you take damage.
 C - the ring "Yluphir" {Int+3 Dex+6}
   (You found it on level 4 of the Depths)

   [ring of dexterity]

   It affects your intelligence (+3).
   It affects your dexterity (+6).
 G - the ring of Oginoat {*Contam +Fly rF+ Str+2}
   (You took it off a tengu warrior on level 1 of the Depths)

   [ring of flight]

   It affects your strength (+2).
   It protects you from fire.
   It lets you fly.
   It causes magical contamination when unequipped.
 I - an uncursed ring of insulation
   (You found it on level 2 of the Vaults)
 J - an uncursed ring of positive energy
   (You found it on level 2 of the Vaults)
 O - the ring "Gueheuh" {Fire +Blink rElec Int-2}
   (You found it on level 1 of the Dungeon)

   [ring of fire]

   It enhances your fire magic.
   It affects your intelligence (-2).
   It protects you from fire.
   It makes you vulnerable to cold.
   It insulates you from electricity.
   It lets you blink.
 X - the ring "Tyeror" {Ice +Inv rPois Stlth-}
   (You took it off Fannar on level 11 of the Dungeon)

   [ring of ice]

   It enhances your ice magic.
   It makes you vulnerable to fire.
   It protects you from cold.
   It protects you from poison.
   It lets you turn invisible.
   It makes you less stealthy.
 Y - an uncursed ring of wizardry
   (You took it off a deep elf mage on level 3 of the Elven Halls)
Wands
 o - a wand of clouds (5)
   (You took it off a white draconian on level 3 of the Realm of Zot)
 v - a wand of digging (17)
   (You found it on level 2 of the Depths)
 B - a wand of iceblast (17)
   (You found it on level 2 of the Snake Pit)
 K - a wand of charming (40)
   (You found it on level 6 of the Dungeon)
 Q - a wand of paralysis (47)
   (You found it on level 8 of the Dungeon)
 W - a wand of acid (21)
   (You found it on level 6 of the Lair of Beasts)
Scrolls
 c - 8 scrolls of vulnerability
 p - 3 scrolls of immolation
 t - 12 scrolls of teleportation
 x - 5 scrolls of fear
 y - 4 scrolls of noise
 z - 3 scrolls of blinking
 F - 6 scrolls of magic mapping
 R - 4 scrolls of fog
Potions
 b - 5 potions of cancellation
 d - 11 potions of might
 g - 4 potions of ambrosia
 k - 9 potions of mutation
 l - 8 potions of lignification
 n - a potion of resistance
 q - 7 potions of curing
 s - 9 potions of agility
 w - a potion of heal wounds
 A - 2 potions of invisibility
 D - 3 potions of magic
 N - 6 potions of flight
 P - a potion of berserk rage
 T - 3 potions of brilliance
Miscellaneous
 E - a lamp of fire
   (You found it on level 1 of the Spider Nest)
 H - 3 boxes of beasts
 M - a lightning rod (4/4)
   (You found it on level 2 of the Crypt)
 S - a sack of spiders
   (You found it on level 1 of the Elven Halls)
 V - 5 phantom mirrors
 Z - a phial of floods
   (You found it on level 2 of the Snake Pit)
Comestibles
 e - 46 rations {!d}


   Skills:
 - Level 18.0 Fighting
   Level 9.0 Short Blades
 + Level 20.3 Dodging
   Level 3.6 Shields
 - Level 15.0 Unarmed Combat
 - Level 18.0 Spellcasting
 - Level 25.0 Conjurations
 - Level 5.0 Charms
 - Level 4.0 Translocations
 - Level 15.0 Transmutations
 O Level 27 Fire Magic
 - Level 15.0 Invocations
 - Level 15.0 Evocations


You had 6 spell levels left.
You knew the following spells:

 Your Spells              Type           Power        Failure   Level  Hunger
a - Bolt of Fire          Conj/Fire      ########..   0%          6    None
b - Ignition              Fire           ########..   1%          8    None
c - Fire Storm            Conj/Fire      ########..   1%          9    None
d - Song of Slaying       Chrm           ######..     1%          2    None
e - Irradiate             Conj/Tmut      ########..   0%          5    None
f - Sticks to Snakes      Tmut           #######.     0%          2    None
g - Blade Hands           Tmut           #######...   1%          5    None
h - Infusion              Chrm           ######..     1%          1    None
i - Dragon Form           Tmut           #######      1%          7    None
j - Passwall              Tmut/Erth      #######.     1%          2    None
k - Orb of Destruction    Conj           ########..   1%          7    None
l - Blink                 Tloc           N/A          1%          2    None

Your spell library contained the following spells:

 Spells                   Type           Power        Failure   Level  Hunger
 Beastly Appendage        Tmut           ######       0%          1    None
 Flame Tongue             Conj/Fire      #####        0%          1    None
 Magic Dart               Conj           ####         0%          1    None
 Sting                    Conj/Pois      ####         0%          1    None
 Flaming Arrows           Chrm/Fire      #######.     0%          2    None
 Searing Ray              Conj           ########     0%          2    None
 Shock                    Conj/Air       #######      0%          2    None
 Throw Frost              Conj/Ice       ######       0%          2    None
 Conjure Flame            Conj/Fire      ########     0%          3    None
 Dazzling Orbs            Conj/Hex       #######      0%          3    None
 Ignite Poison            Fire/Tmut/Pois #######.     0%          3    None
 Inner Flame              Hex/Fire       N/A          0%          3    None
 Iskenderun's Mystic Bla  Conj           ########     0%          3    None
 Stone Arrow              Conj/Erth      ######       0%          3    None
 Sticky Flame             Conj/Fire      ########     0%          4    None
 Bolt of Magma            Conj/Fire/Erth ########..   0%          5    None
 Fireball                 Conj/Fire      ########..   0%          5    None
 Apportation              Tloc           ######       1%          1    None
 Blink Other              Tloc           ######       1%          1    None
 Corona                   Hex            #####..      1%          1    None
 Freeze                   Ice            #####.       1%          1    None
 Necrotize                Necr           #####.       1%          1    None
 Sandblast                Erth           #####.       1%          1    None
 Slow                     Hex            #####...     1%          1    None
 Static Discharge         Air            #####.       1%          1    None
 Summon Butterflies       Summ           #####...     1%          1    None
 Summon Small Mammal      Summ           ####         1%          1    None
 Call Imp                 Summ           #####.       1%          2    None
 Corpse Rot               Necr           N/A          1%          2    None
 Ensorcelled Hibernation  Hex/Ice        #####.       1%          2    None
 Poisonous Vapours        Pois/Air       #####.       1%          2    None
 Shackle                  Hex            #####...     1%          2    None
 Sublimation of Blood     Necr           #####.....   1%          2    None
 Swiftness                Chrm/Air       ######..     1%          2    None
 Beckoning                Tloc           ######....   1%          3    None
 Call Canine Familiar     Summ           #####...     1%          3    None
 Confuse                  Hex            #####...     1%          3    None
 False Image              Hex/Summ       #####...     1%          3    None
 Mephitic Cloud           Conj/Pois/Air  #######.     1%          3    None
 Ozocubu's Armour         Chrm/Ice       ######..     1%          3    None
 Portal Projectile        Tloc           ######       1%          3    None
 Recall                   Summ/Tloc      N/A          1%          3    None
 Regeneration             Chrm/Necr      ######....   1%          3    None
 Spectral Weapon          Hex/Chrm       ######..     1%          3    None
 Spider Form              Tmut/Pois      ###          1%          3    None
 Teleport Other           Tloc           ######..     1%          3    None
 Tukima's Dance           Hex            #####...     1%          3    None
 Vampiric Draining        Necr           #####.....   1%          3    None
 Agony                    Necr           #####...     1%          4    None
 Airstrike                Air            #####.....   1%          4    None
 Animate Dead             Necr           N/A          1%          4    None
 Cause Fear               Hex            #####.....   1%          4    None
 Force Lance              Tloc           ######..     1%          4    None
 Fulminant Prism          Conj/Hex       #######...   1%          4    None
 Ice Form                 Ice/Tmut       #######.     1%          4    None
 Lightning Bolt           Conj/Air       #######.     1%          4    None
 Olgreb's Toxic Radiance  Pois           #####....    1%          4    None
 Petrify                  Tmut/Erth      #######...   1%          4    None
 Summon Ice Beast         Ice/Summ       #####...     1%          4    None
 Summon Scorpions         Summ/Pois      #####...     1%          4    None
 Throw Icicle             Conj/Ice       #######.     1%          4    None
 Tree Form                Hex/Tmut       N/A          1%          4    None
 Yara's Violent Unravell  Hex/Tmut       #######...   1%          4    None
 Bolt of Draining         Conj/Necr      #######...   1%          5    None
 Iskenderun's Battlesphe  Conj/Chrm      #######.     1%          5    None
 Piercing Shot            Chrm           ######....   1%          5    None
 Steam Barrier            Chrm/Fire      #######...   1%          5    None
 Venom Bolt               Conj/Pois      #######...   1%          5    None
 Bolt of Cold             Conj/Ice       #######...   1%          6    None
 Conjure Ball Lightning   Conj/Air       #######...   1%          6    None
 Iron Shot                Conj/Erth      #######...   1%          6    None
 Poison Arrow             Conj/Pois      #######...   1%          6    None
 Statue Form              Tmut/Erth      #######..    1%          6    None
 Summon Forest            Summ/Tloc      ######....   2%          5    None
 Infestation              Hex/Tmut/Pois  ######...    4%          6    None
 Dispel Undead            Necr           #####...     5%          5    None
 Freezing Cloud           Ice/Air        #####...     5%          5    None
 Lee's Rapid Deconstruct  Erth           #####.....   5%          5    None
 Metabolic Englaciation   Hex/Ice        #####.....   5%          5    None
 Silence                  Hex/Air        #####.....   5%          5    None
 Summon Demon             Summ           #####.....   5%          5    None
 Summon Lightning Spire   Summ/Air       #####...     5%          5    None
 Summon Mana Viper        Hex/Summ       #####...     5%          5    None
 Dispersal                Tloc           ######....   6%          6    None
 Death Channel            Chrm/Necr      ######....   11%         6    None
 Deflect Missiles         Chrm/Air       ######....   11%         6    None
 Aura of Abjuration       Summ           #####.....   26%         6    None
 Borgnjor's Vile Clutch   Necr/Erth      #####.....   26%         6    None
 Invisibility             Hex            #####...     26%         6    None
 Ozocubu's Refrigeration  Ice            #####.....   26%         6    None
 Simulacrum               Ice/Necr       #####...     26%         6    None
 Summon Hydra             Summ           #####.....   26%         6    None
 Icicle Burst             Conj/Ice       #######...   1%          7    None
 Mana Rupture             Conj/Hex       #######...   1%          7    None
 Spellforged Servitor     Conj/Summ      #######...   1%          7    None
 Chain Lightning          Conj/Air       #######...   8%          8    None
 Lehudib's Crystal Spear  Conj/Erth      #######...   8%          8    None
 Controlled Blink         Tloc           ######..     28%         7    None
 Glaciate                 Conj/Ice/Air   #######...   34%         8    None
 Necromutation            Tmut/Necr      #######.     43%         8    None
 Malign Gateway           Summ/Tloc      ######....   50%         7    None
 Discord                  Hex            #####.....   75%         7    None
 Haunt                    Necr/Summ      #####.....   75%         7    None
 Monstrous Menagerie      Summ           #####.....   75%         7    None
 Shadow Creatures         Summ           N/A          75%         7    None
 Summon Greater Demon     Summ           #####.....   75%         7    None
 Time Stop                Chrm/Tloc      N/A          80%         8    None
 Tornado                  Tloc/Air       ######....   97%         8    None
 Borgnjor's Revivificati  Necr           #####.....   100%        8    None
 Summon Horrible Things   Summ           #####.....   100%        8    None
 Shatter                  Erth           #####.....   100%        9    None
 Passage of Golubria      Tloc           Unusable     N/A         5    N/A

Dungeon Overview and Level Annotations

Branches:
Dungeon (12/12)            Temple (1/1) D:7            Lair (6/6) D:9
  Snake (3/3) Lair:2       Spider (3/3) Lair:2        Slime (5/5) Lair:5
    Orc (1/1) D:10            Elf (3/3) Orc          Vaults (3/3) D:11
  Crypt (2/2) Vaults:2       Tomb (0/3) Crypt:2      Depths (5/5) D:12
    Zot (5/5) Depths:5

Altars:
Ashenzari
Cheibriados
Dithmenos
Elyvilon
Fedhas
Gozag
Hepliaklqana
Kikubaaqudgha
Lugonu
Makhleb
Nemelex Xobeh
Okawaru
Qazlal
Ru
Sif Muna
Trog
Uskayaw
Vehumet
Wu Jian
Xom
Yredelemnul
Zin
The Shining One
Jiyva

Shops:
D:9 (   D:12 =   Orc *!}[   Elf:1 }   Elf:3 *:}*}?   Vaults:2 ?   Vaults:3 %}
Depths:1 *   Depths:4 :

Portals:
Hell: Depths:1 Depths:2 Depths:3 Depths:4 Depths:5
Abyss: Depths:2 Depths:4
Pandemonium: Depths:3
Ziggurat: Depths:1

Annotations:
Lair:2 exclusion: oklob plant
Lair:5 2 transporters
Spider:1 exclusion: orange crystal statue
Spider:2 exclusion: orange crystal statue
Spider:3 exclusion: orange crystal statue
Elf:1 1 runed translucent door, Galewind's ghost, adept AvCj
Crypt:2 3 runed translucent doors, Hynnuzim's ghost, veteran CeHu
Depths:1 exclusions: great orb of eyes and 1 more exclusion
Zot:1 3 runed doors


Innate Abilities, Weirdness & Mutations

Your spells do not cause hunger and MP costs are reduced by 1.
Your bright wings attract enemies. (Stealth-)
You cannot fit into any form of body armour.
((Your shimmering scales are hard and can block incoming attacks. (AC +12, SH +12)))
You are small and have problems with some larger weapons.
((You can fly continuously.))
You are surrounded by a mild repulsion field. (EV +2)
You are somewhat resistant to further mutation.
You are robust. (+10% HP)
Your spells are a little easier to cast, but a little less powerful.


Message History

m - a ring of protection from magic (left foreclaw)
Casting: Fire Storm (safe; 1% risk of failure)
Confirm with . or Enter, or press ? or * to list all spells.
Aiming: Fire Storm (safe; 1% risk of failure)
Press: ? - help, Dir - move target cursor, f - Hell Sentinel
Aim: a Hell Sentinel (flame, lightly wounded)
You feel a surge of power!
You miscast Fire Storm.
Sif Muna protects you from the effects of your miscast!
Casting: Fire Storm (safe; 1% risk of failure)
Confirm with . or Enter, or press ? or * to list all spells.
Aiming: Fire Storm (safe; 1% risk of failure)
Press: ? - help, Dir - move target cursor, f/p - Hell Sentinel
Aim: a Hell Sentinel (flame, lightly wounded)
You feel a surge of power!
A raging storm of fire appears!
The great blast of fire engulfs the Hell Sentinel!!
The Hell Sentinel partially resists.
The Hell Sentinel is moderately wounded.
The great blast of fire engulfs Efemytao!!
Efemytao partially resists.
Efemytao is moderately wounded.
The Hell Sentinel hits your fire vortex! x2
Your fire vortex dissipates!
Casting: Fire Storm (safe; 1% risk of failure)
Confirm with . or Enter, or press ? or * to list all spells.
Aiming: Fire Storm (safe; 1% risk of failure)
Press: ? - help, Dir - move target cursor, f/p - Hell Sentinel
Aim: a Hell Sentinel (flame, moderately wounded)
Okay, then.
Casting: Fire Storm (safe; 1% risk of failure)
Confirm with . or Enter, or press ? or * to list all spells.
You feel a surge of power!
You erupt in a fountain of uncontrolled magic!
Efemytao is blasted with magical radiation!!
Efemytao is heavily wounded.
Efemytao twists and deforms.
You are very lightly contaminated with residual magic.
Your magic feels tainted.
You block Efemytao's attack.
Casting: Irradiate (safe; 0% risk of failure)
Confirm with . or Enter, or press ? or * to list all spells.
You feel a surge of power!
You erupt in a fountain of uncontrolled magic!
Efemytao is blasted with magical radiation!!
Efemytao is severely wounded.
Efemytao twists and deforms.
Your magic feels more tainted.
Your control over your magic is sapped.
A sixfirhy comes into view.
You block Efemytao's attack.
You maul Efemytao!!!
You tail-slap Efemytao, but do no damage.
You claw Efemytao!!
You kill Efemytao!
Sif Muna accepts your kill.
You block the Hell Sentinel's attack. x2
Casting: Irradiate (safe; 1% risk of failure)
Confirm with . or Enter, or press ? or * to list all spells.
You feel a surge of power!
You erupt in a fountain of uncontrolled magic!
The Hell Sentinel is blasted with magical radiation!!!
The Hell Sentinel is severely wounded.
The Hell Sentinel twists and deforms.
Your magic feels more tainted.
You maul the Hell Sentinel!!!
You tail-slap the Hell Sentinel.
You bite the Hell Sentinel, but do no damage.
The Hell Sentinel is almost dead.
The Hell Sentinel gestures at you.
The sphere of hellfire explodes!
The hellfire engulfs you!!!
The hellfire engulfs the Hell Sentinel.
The Hell Sentinel completely resists.
You are struck by the Hell Sentinel's spines.
You bite the Hell Sentinel!!
You kill the Hell Sentinel!
Sif Muna accepts your kill. You block the sixfirhy's attack.
The sixfirhy completely misses you.
The sixfirhy hits you but does no damage.
You miss the sixfirhy. Your claw misses the sixfirhy. You bite the sixfirhy!
The sixfirhy is heavily wounded.
The sixfirhy hits you but does no damage.
The sixfirhy misses you.
You claw the sixfirhy!
Your tail-slap misses the sixfirhy.
You bite the sixfirhy!
The sixfirhy is almost dead.
The sixfirhy closely misses you. You block the sixfirhy's attack.
You maul the sixfirhy!!!
You kill the sixfirhy!
Sif Muna accepts your kill.
You use a rune to identify the item.
You see here a +0 leather armour.
There is an open door here.
There is a staircase leading out of the dungeon here.
You start resting.
Your extra speed is starting to run out.
You start resting.
Your magic seems less tainted.
You start resting.
You feel yourself slow down.
You start resting.
An Executioner comes into view.
Unknown command.
The power of the Orb breaks the dimensional shunt like a soap bubble!
You have escaped!

........#.####.# #..### #.####
......#.#....#.#####..## #.#...
......#.####.#.....)...# #.#.##
......+....#.#########.## #.#.#
......#)##.#.##.......[.# #.#.##
......#.##.#...########.# #.#.##
......#.##.###.#.1...##.# #.#.##
#######.##.###.#.....'..# #.#.##
# #.##.....#D.8..#..## #.#.## #
#.########.....+...# #.#.## # #.#
#.....###.# #.#.#. #######.####
##########.###.#.## ..##.......#
#.......##..##.#.##
...........#######...........#...
................#................
................#..........#.##..
..##.......######.########.#.....


You could see an Executioner.

Vanquished Creatures
  the Royal Jelly (Slime:5)
  3 juggernauts
  7 orbs of fire
  Xtahua (Vaults:3)
  4 ancient liches
  7 golden dragons
  the Enchantress (Depths:1)
  Sojobo (Depths:2)
  3 Killer Klowns
  A pandemonium lord (D:1)
  Margery (Vaults:2)
  Bai Suzhen (Depths:2)
  Arachne (Spider:3)
  6 caustic shrikes
  5 curse toes
  3 rockslimes
  Nikola (Depths:1)
  3 electric golems
  2 bone dragons (Crypt:2)
  An Orb Demon (Zot:3)
  Zenata (Depths:1)
  21 Orb Guardians (Zot:5)
  Frances (Elf:2)
  13 tentacled monstrosities
  A quicksilver dragon (Zot:3)
  7 liches
  A Hell Sentinel (D:1)
  A titan (Vaults:3)
  2 deep elf master archers (Elf:3)
  3 deep elf blademasters
  7 ancient champions
  3 sphinxes
  18 acid blobs
  4 tentacled starspawn (Depths:4)
  10 death cobs
  5 tengu reavers
  13 shadow dragons
  Kirke (D:12)
  11 nagarajas
  9 frost giants
  4 ghouls
  12 fire giants
  7 storm dragons
  5 draconian monks
  4 war gargoyles
  3 draconian knights
  2 iron dragons
  11 azure jellies
  8 deep elf sorcerers
  3 emperor scorpions
  Aizul (Snake:3)
  13 vault wardens
  4 deep elf elementalists (Elf:3)
  4 curse skulls
  14 very ugly things
  5 draconian stormcallers (Zot:1)
  2 orc warlords (Vaults:1)
  5 ghost moths
  15 ironheart preservers
  2 draconian shifters
  3 draconian annihilators
  4 spriggan defenders (Depths:2)
  2 eyes of devastation
  2 reapers (Crypt:2)
  The ghost of tronn the Archer, a journeyman GnIE of Okawaru (Snake:2)
  19 stone giants
  4 deep elf demonologists
  5 jiangshi (Crypt:2)
  15 vampire knights
  13 draconian scorchers
  13 green draconians
  9 purple draconians
  4 entropy weavers
  14 red draconians
  16 black draconians
  8 deep elf annihilators
  9 white draconians
  6 spark wasps
  3 dire elephants (Vaults:1)
  3 eidola
  10 yellow draconians
  6 deep elf death magi
  8 ettins
  A crystal guardian (Vaults:1)
  8 fire dragons
  A quicksilver dragon zombie (Crypt:1)
  5 deep elf high priests
  8 yaktaur captains
  28 vault guards
  A hydra (shapeshifter) (Vaults:3)
  Fannar (D:11)
  7 rakshasas
  A quicksilver dragon skeleton (Crypt:2)
  A juggernaut simulacrum (Vaults:1)
  7 ice dragons
  5 catoblepae
  2 shadow wraiths (Vaults:1)
  7 naga warriors
  4 spriggan air magi
  5 hydras
  15 great orbs of eyes
  12 deep troll shamans
  6 ogre magi
  An alligator (Lair:6)
  15 anacondas
  2 death knights
  5 death oozes
  14 deep troll earth magi
  20 two-headed ogres
  26 dancing weapons
  7 vampire magi
  10 death yaks
  10 sea snakes (Snake:3)
  2 thrashing horrors (Depths:4)
  An ironheart beastmaster (Vaults:1)
  A queen ant (D:11)
  15 naga sharpshooters
  6 tengu warriors
  9 shock serpents
  2 spriggan berserkers
  29 deep elf knights
  35 deep trolls
  19 centaur warriors
  4 soul eaters
  A titan skeleton (Crypt:2)
  45 skeletal warriors
  A goliath frog (shapeshifter) (Vaults:3)
  2 salamander mystics (Snake:3)
  A sixfirhy (D:1)
  10 hell knights
  A flayed ghost (Depths:2)
  5 starcursed masses (Depths:4)
  2 iron trolls
  Pikel (D:5)
  9 wizards
  3 cyclopes
  8 ironheart convokers
  2 wolf spider zombies (D:12)
  17 deep elf archers
  5 glowing orange brains
  A naga ritualist (Snake:3)
  8 phantasmal warriors
  24 ugly things
  5 manticores
  4 mana vipers
  20 wolf spiders
  An iron dragon zombie (Crypt:2)
  5 shining eyes
  3 shadow dragon skeletons (Crypt:2)
  4 orc sorcerers
  18 orb spiders
  6 necromancers
  66 deep elf magi
  12 salamanders
  A frost giant zombie (Crypt:1)
  4 fire giant skeletons
  19 black mambas
  17 moths of wrath
  A moth of wrath (shapeshifter) (Depths:2)
  A stone giant skeleton (Crypt:2)
  3 elephants (Lair:6)
  12 naga magi
  A rust devil (Depths:4)
  14 vault sentinels
  7 guardian serpents
  2 cane toads (shapeshifter)
  8 cane toads
  36 jumping spiders
  A minotaur zombie (Crypt:1)
  A torpor snail (Spider:2)
  3 rime drakes (Lair:6)
  A shock serpent skeleton (Crypt:2)
  A pale draconian zombie (Crypt:2)
  2 rime drakes (shapeshifter)
  A catoblepas zombie (Crypt:1)
  4 komodo dragons
  35 yaktaurs
  6 demonic crawlers
  An ice devil (Zot:5)
  An anaconda simulacrum (Crypt:2)
  A yaktaur (shapeshifter) (Elf:2)
  8 freezing wraiths
  3 tengu conjurers
  A death yak skeleton (Crypt:1)
  A grey draconian skeleton (Crypt:2)
  9 flying skulls (Crypt:2)
  A meliai (shapeshifter) (D:11)
  A polar bear (Lair:2)
  3 harpy skeletons
  A polar bear (shapeshifter) (Depths:1)
  3 hydra skeletons (Crypt:2)
  13 trolls
  49 slime creatures
  2 moth of wrath zombies
  4 blink frogs
  6 hippogriffs
  9 hornets
  4 meliai zombies
  A tyrant leech (shapeshifter) (Vaults:1)
  4 dream sheep (Lair:6)
  A fire dragon skeleton (Crypt:2)
  2 large abominations (Depths:4)
  2 ettin skeletons
  8 spriggans
  An air elemental (Elf:3)
  12 water elementals
  2 wyverns (shapeshifter)
  An ice dragon skeleton (Crypt:2)
  7 wraiths
  An alligator skeleton (Crypt:2)
  A yak (shapeshifter) (Depths:2)
  Sigmund (D:6)
  5 basilisks
  33 yaks
  2 wyverns
  2 fire elementals
  21 tarantellas
  A human (D:10)
  9 hogs
  3 fire bats (Depths:3)
  2 steam dragons
  4 hungry ghosts
  50 redbacks
  A yaktaur simulacrum (Vaults:1)
  4 wargs
  A harpy simulacrum (D:11)
  An acid dragon (D:10)
  8 crocodiles
  13 water moccasins
  59 nagas
  A cane toad zombie (Crypt:1)
  9 porcupines
  Duvessa (D:6)
  20 orc warriors
  A gelid demonspawn skeleton (Crypt:2)
  A black bear (shapeshifter) (Depths:4)
  A floating eye (shapeshifter) (Vaults:3)
  A floating eye (Slime:4)
  3 sky beasts
  A slave (D:5)
  A cane toad skeleton (Crypt:2)
  20 soldier ants
  4 black bears
  4 ice beasts
  A redback zombie (Crypt:1)
  4 phantoms
  2 necrophages
  25 wolves
  43 ogres
  A wolf (shapeshifter) (Depths:3)
  15 boggarts
  A snapping turtle skeleton (Crypt:2)
  16 bullfrogs
  2 kobold brigands
  A komodo dragon skeleton (Crypt:1)
  6 earth elementals
  Dowan (D:6)
  6 centaurs
  4 scorpions
  A hornet simulacrum (D:12)
  7 killer bees
  A killer bee (shapeshifter) (Vaults:3)
  6 electric eels
  A troll skeleton (Crypt:2)
  4 wights
  4 howler monkeys
  9 orc priests
  7 crimson imps
  13 jellies
  5 hounds
  Crazy Yiuf (D:6)
  A gnoll shaman (D:6)
  A bullfrog skeleton (D:10)
  2 human skeletons (Crypt:1)
  12 orc wizards
  A porcupine zombie (Crypt:2)
  5 iguanas
  26 worker ants
  A tengu zombie (Crypt:2)
  An ogre skeleton (Crypt:2)
  2 howler monkey skeletons
  5 gnolls
  A steam dragon zombie (Crypt:1)
  20 adders
  A river rat (D:3)
  13 oozes
  An adder zombie (D:4)
  An adder skeleton (D:6)
  4 worms
  2 dart slugs
  16 leopard geckos
  71 orcs
  A giant cockroach (shapeshifter) (Vaults:3)
  19 giant cockroaches
  A gnoll zombie (Crypt:2)
  4 goblins
  4 hobgoblins
  9 jackals
  3 quokkas
  12 ball pythons
  14 frilled lizards
  18 kobolds
  An orc skeleton (Crypt:2)
  A quokka skeleton (D:4)
  11 rats
  A fire vortex (Zot:2)
  A fungus (Elf:2)
  A lurking horror (Depths:4)
  A plant (Elf:2)
  2 starspawn tentacles (Depths:4)
2245 creatures vanquished.

Vanquished Creatures (collateral kills)
  An ancient lich (Zot:5)
  A golden dragon (Depths:5)
  A caustic shrike (Depths:5)
  An Orb Guardian (Zot:5)
  2 acid blobs (Slime:5)
  2 azure jellies (Slime:5)
  A draconian annihilator (Zot:5)
  A draconian scorcher (Zot:1)
  A black draconian (Zot:5)
  A purple draconian (Zot:1)
  A white draconian (Zot:3)
  An ice dragon (Depths:5)
  A great orb of eyes (Slime:5)
  A death yak (Lair:2)
  A deep troll (Depths:5)
  A soul eater (Zot:2)
  A wolf spider (Spider:3)
  3 moths of wrath
  A yellow draconian zombie (Zot:2)
23 creatures vanquished.

Vanquished Creatures (others)
  A rockslime (Depths:3)
  4 stone giants
  A very ugly thing (Depths:1)
  2 white draconians
  A deep elf death mage (Elf:3)
  A yaktaur captain (Vaults:3)
  11 vault guards (Vaults:3)
  A naga sharpshooter (Snake:2)
  4 centaur warriors
  A cyclops (D:11)
  2 orb spiders (Spider:3)
  7 yaktaurs
  A water elemental (Elf:3)
  Blork the orc (D:5)
  An adder (D:5)
  A leopard gecko (D:7)
  221 fire vortices
  4 fungi
  17 plants
  2 withered plants (Elf:1)
284 creatures vanquished.

Grand Total: 2552 creatures vanquished

Notes
Turn   | Place    | Note
-------+----------+-------------------------------------------
     0 | D:1      | Artagas the Fairy Fighter began the quest for the Orb.
     0 | D:1      | Reached XP level 1. HP: 15/15 MP: 3/3
   132 | D:1      | Reached XP level 2. HP: 20/20 MP: 4/4
   305 | D:1      | Got an ancient marble ring
   633 | D:1      | Reached skill level 3 in Short Blades
   790 | D:1      | Identified the ring "Gueheuh" {Fire +Blink rElec Int-2}
                  | (You found it on level 1 of the Dungeon)
  1201 | D:2      | Reached XP level 3. HP: 25/25 MP: 5/5
  1471 | D:2      | Reached skill level 4 in Short Blades
  1673 | D:3      | Noticed an ogre
  1832 | D:3      | Reached XP level 4. HP: 17/30 MP: 6/6
  1857 | D:3      | Killed an ogre
  1858 | D:3      | Reached skill level 5 in Short Blades
  1858 | D:3      | Reached XP level 5. HP: 25/35 MP: 7/7
  1916 | D:3      | Found a glowing drain.
  1922 | Sewer    | Entered a sewer
  2126 | Sewer    | Reached skill level 6 in Short Blades
  2132 | Sewer    | Reached XP level 6. HP: 41/41 MP: 8/8
  2185 | Sewer    | Reached skill level 3 in Fighting
  2376 | Sewer    | Reached skill level 4 in Fighting
  3471 | D:4      | Reached XP level 7. HP: 48/48 MP: 9/9
  3701 | D:4      | Got a crude war axe
  3708 | D:4      | Identified the +9 war axe "Zaetasto" {chop, +Blink rPois
                  | rC- MR-} (You found it on level 4 of the Dungeon)
  3749 | D:4      | Reached skill level 7 in Short Blades
  3999 | D:5      | Entered Level 5 of the Dungeon
  4018 | D:4      | Reached skill level 5 in Fighting
  4037 | D:4      | Reached XP level 8. HP: 20/56 MP: 10/10
  4123 | D:4      | Reached skill level 6 in Fighting
  4246 | D:5      | Noticed Pikel
  4309 | D:5      | Killed Pikel
  4310 | D:5      | Reached skill level 8 in Short Blades
  4310 | D:5      | Reached skill level 9 in Short Blades
  4494 | D:5      | Reached skill level 7 in Fighting
  4494 | D:5      | Reached XP level 9. HP: 40/64 MP: 11/11
  4507 | D:5      | Reached skill level 5 in Dodging
  4655 | D:5      | Killed Blork the orc
  4661 | D:5      | Found a burning altar of Makhleb.
  4861 | D:5      | Found a glowing golden altar of the Shining One.
  4960 | D:6      | Reached skill level 6 in Dodging
  5108 | D:6      | Noticed Sigmund
  5170 | D:5      | Reached skill level 7 in Dodging
  5339 | D:6      | Found a runed door.
  5392 | D:6      | Killed Sigmund
  5451 | D:6      | Reached skill level 8 in Fighting
  5454 | D:6      | Noticed a troll
  5456 | D:6      | Reached skill level 1 in Evocations
  5466 | D:6      | Noticed Dowan
  5468 | D:6      | Noticed Duvessa
  5482 | D:5      | Reached skill level 2 in Evocations
  5720 | D:5      | Killed a troll
  5721 | D:5      | Reached skill level 3 in Evocations
  5721 | D:5      | Reached skill level 1 in Unarmed Combat
  5987 | D:6      | Reached skill level 2 in Unarmed Combat
  6061 | D:6      | Reached skill level 3 in Unarmed Combat
  6228 | D:6      | Killed Duvessa
  6229 | D:6      | Reached XP level 10. HP: 72/72 MP: 14/14
  6600 | D:6      | Found a glowing golden altar of the Shining One.
  6614 | D:6      | Killed Dowan
  6615 | D:6      | Reached skill level 4 in Unarmed Combat
  6966 | D:7      | HP: 7/72 [something (16)]
  6967 | D:7      | Reached skill level 5 in Unarmed Combat
  7394 | D:6      | Noticed Crazy Yiuf
  7398 | D:6      | Killed Crazy Yiuf
  7537 | D:7      | Found a staircase to the Ecumenical Temple.
  7575 | Temple   | Entered the Ecumenical Temple
  7827 | Temple   | Became a worshipper of Sif Muna the Loreminder
  7955 | D:7      | Reached skill level 6 in Unarmed Combat
  8914 | D:8      | Reached skill level 7 in Unarmed Combat
  9647 | D:9      | Reached skill level 8 in Unarmed Combat
  9867 | D:9      | Reached * piety under Sif Muna
  9873 | D:9      | Found a staircase to the Lair.
  9915 | D:9      | HP: 5/72 [black bear (18)]
 10020 | D:9      | Reached skill level 9 in Unarmed Combat
 10020 | D:9      | Reached XP level 11. HP: 65/77 MP: 15/15
 10094 | D:9      | Received a gift from Sif Muna
 10238 | D:9      | Reached skill level 1 in Spellcasting
 10402 | D:9      | Noticed a manticore
 10435 | D:9      | Killed a manticore
 10436 | D:9      | Reached skill level 2 in Spellcasting
 10526 | D:9      | Learned a level 2 spell: Sticks to Snakes
 10550 | D:9      | Learned a level 5 spell: Blade Hands
 10972 | D:9      | Found Inen Yrr's Antique Weapon Boutique.
 11041 | D:9      | Reached skill level 3 in Spellcasting
 11069 | D:9      | Reached skill level 1 in Transmutations
 11092 | D:9      | Reached skill level 10 in Unarmed Combat
 11292 | D:9      | Reached ** piety under Sif Muna
 11498 | Lair:1   | Entered Level 1 of the Lair of Beasts
 11508 | Lair:1   | Reached skill level 4 in Spellcasting
 11508 | Lair:1   | Reached skill level 2 in Transmutations
 11614 | Lair:1   | Reached skill level 3 in Transmutations
 11666 | Lair:1   | Reached skill level 4 in Transmutations
 11837 | Lair:1   | Reached skill level 5 in Transmutations
 11952 | Lair:1   | Reached *** piety under Sif Muna
 11964 | Lair:1   | Reached skill level 6 in Transmutations
 12191 | Lair:1   | Reached skill level 7 in Transmutations
 12332 | Lair:1   | Found a hide-covered altar of Uskayaw.
 12696 | Lair:2   | Noticed a six-headed hydra
 12709 | Lair:2   | Killed a six-headed hydra
 12710 | Lair:2   | Reached XP level 12. HP: 37/82 MP: 17/20
 13191 | Lair:2   | Reached skill level 11 in Unarmed Combat
 13202 | Lair:2   | Found a staircase to the Snake Pit.
 13371 | Lair:2   | Noticed a death yak
 13373 | Lair:2   | Noticed a death yak
 13373 | Lair:2   | Noticed a death yak
 13373 | Lair:2   | Noticed a death yak
 13373 | Lair:2   | Noticed a death yak
 13383 | Lair:2   | Noticed a death yak
 13414 | Lair:1   | Killed a death yak
 13415 | Lair:1   | Reached skill level 8 in Dodging
 13668 | Lair:2   | Found a hole to the Spider Nest.
 13674 | Lair:2   | Reached skill level 9 in Dodging
 13770 | Lair:2   | Killed a death yak
 13785 | Lair:2   | Killed a death yak
 13786 | Lair:2   | Reached skill level 10 in Dodging
 13942 | Lair:1   | Killed a death yak
 13946 | Lair:1   | Killed a death yak
 13968 | Lair:2   | Killed a death yak
 13968 | Lair:2   | Reached **** piety under Sif Muna
 13969 | Lair:2   | Reached skill level 4 in Evocations
 14963 | Lair:3   | Found a bloodstained altar of Trog.
 14994 | Lair:3   | Reached skill level 5 in Evocations
 14996 | Lair:3   | Reached skill level 11 in Dodging
 15612 | Lair:4   | Noticed a catoblepas
 15635 | Lair:4   | Killed a catoblepas
 15636 | Lair:4   | Reached skill level 9 in Fighting
 15636 | Lair:4   | Reached XP level 13. HP: 46/90 MP: 16/21
 15794 | Lair:4   | Reached skill level 12 in Dodging
 15796 | Lair:4   | Learned a level 1 spell: Infusion
 15870 | Lair:4   | Reached skill level 1 in Charms
 16050 | Lair:4   | Received a gift from Sif Muna
 16050 | Lair:4   | Reached skill level 2 in Charms
 16161 | Lair:4   | Got a transparent bronze amulet
 16688 | Lair:5   | Found an ornate altar of the Wu Jian Council.
 16809 | Lair:5   | Reached skill level 3 in Charms
 16891 | Lair:5   | Found a viscous altar of Jiyva.
 16898 | Lair:5   | Identified the cursed amulet "Zibept" {Inacc Dex+2} (You
                  | found it on level 4 of the Lair of Beasts)
 16906 | Lair:5   | Found a staircase to the Slime Pits.
 17028 | Lair:5   | Found a transporter.
 17206 | Lair:5   | Found a transporter.
 17551 | Lair:6   | Entered Level 6 of the Lair of Beasts
 17723 | Lair:6   | Reached skill level 4 in Charms
 18087 | Lair:6   | Reached ***** piety under Sif Muna
 18087 | Lair:6   | Reached skill level 12 in Unarmed Combat
 18087 | Lair:6   | Reached skill level 5 in Charms
 18301 | Lair:6   | Reached skill level 5 in Spellcasting
 18643 | Lair:6   | Reached skill level 6 in Spellcasting
 18643 | Lair:6   | Reached skill level 8 in Transmutations
 18744 | Lair:6   | Reached skill level 13 in Dodging
 18858 | Lair:6   | Reached XP level 14. HP: 97/97 MP: 21/25
 19476 | D:10     | Entered Level 10 of the Dungeon
 19514 | D:10     | Found a staircase to the Orcish Mines.
 19818 | D:10     | Reached skill level 14 in Dodging
 19945 | D:10     | Found a white marble altar of Elyvilon.
 20357 | D:11     | Identified the ring "Tyeror" {Ice +Inv rPois Stlth-}
 20357 | D:11     | Noticed Fannar
 20374 | D:11     | Killed Fannar
 20376 | D:11     | Reached skill level 13 in Unarmed Combat
 20533 | D:10     | Reached ****** piety under Sif Muna
 20533 | D:10     | Identified Sif Muna's Handbook of Execration and Stones
                  | (Sif Muna gifted it to you on level 10 of the Dungeon)
 20533 | D:10     | Received a gift from Sif Muna
 20766 | D:11     | Reached skill level 10 in Fighting
 20965 | D:11     | Reached skill level 15 in Dodging
 21056 | D:11     | Reached skill level 7 in Spellcasting
 21144 | D:11     | Reached skill level 8 in Spellcasting
 21241 | D:11     | Found a gate to the Vaults.
 21249 | D:11     | Reached skill level 1 in Invocations
 21287 | D:11     | Reached skill level 2 in Invocations
 21584 | D:11     | Reached XP level 15. HP: 103/103 MP: 29/29
 21590 | D:11     | Learned a level 5 spell: Fireball
 21599 | D:11     | Reached skill level 1 in Fire Magic
 21599 | D:11     | Reached skill level 3 in Invocations
 21919 | D:12     | Entered Level 12 of the Dungeon
 21943 | D:12     | Reached skill level 2 in Fire Magic
 22025 | D:12     | Found Oham's Jewellery Shoppe.
 22027 | D:12     | Noticed Kirke
 22576 | D:12     | Reached skill level 3 in Fire Magic
 22576 | D:12     | Reached skill level 4 in Invocations
 22749 | D:12     | Paralysed by an orc sorcerer for 3 turns
 22814 | D:12     | Reached skill level 4 in Fire Magic
 22880 | D:12     | Found a staircase to the Depths.
 22906 | D:12     | Reached skill level 5 in Invocations
 23261 | D:12     | Killed Kirke
 23262 | D:12     | Reached skill level 5 in Fire Magic
 23418 | Orc      | Entered the Orcish Mines
 23661 | Orc      | Identified Sif Muna's Volume of Conjuration (Sif Muna
                  | gifted it to you in the Orcish Mines)
 23661 | Orc      | Received a gift from Sif Muna
 23661 | Orc      | Reached skill level 6 in Fire Magic
 23661 | Orc      | Reached skill level 6 in Invocations
 23786 | Orc      | Found Qaec's Assorted Antiques.
 23786 | Orc      | Found Uferhink's Distillery.
 23798 | Orc      | Found Neamuo's Gadget Shoppe.
 23814 | Orc      | Found Susyiran's Antique Armour Shop.
 23849 | Orc      | Reached skill level 7 in Fire Magic
 23876 | Orc      | Reached skill level 1 in Conjurations
 23961 | Orc      | Bought a potion of heal wounds for 140 gold pieces
 23961 | Orc      | Bought a scroll of identify for 56 gold pieces
 23961 | Orc      | Bought a scroll of identify for 56 gold pieces
 23977 | Orc      | Bought a potion of haste for 110 gold pieces
 23977 | Orc      | Bought a potion of heal wounds for 55 gold pieces
 23977 | Orc      | Bought a potion of resistance for 110 gold pieces
 23977 | Orc      | Bought 2 potions of curing for 55 gold pieces
 23977 | Orc      | Bought a potion of magic for 55 gold pieces
 23977 | Orc      | Bought a potion of cancellation for 55 gold pieces
 23977 | Orc      | Bought a potion of agility for 44 gold pieces
 24006 | Orc      | Reached skill level 2 in Conjurations
 24067 | Orc      | Bought a masterwork helmet for 285 gold pieces
 24080 | Orc      | Reached skill level 3 in Conjurations
 24111 | Orc      | Reached skill level 8 in Fire Magic
 24118 | Orc      | Identified the +2 helmet "Earthly Heaven" {rF+ Dex-5 SInv}
                  | (You bought it in a shop in the Orcish Mines)
 24216 | Orc      | Found a staircase to the Elven Halls.
 24360 | Orc      | Reached skill level 4 in Conjurations
 24447 | Orc      | Learned a level 5 spell: Irradiate
 24594 | Snake:1  | Entered Level 1 of the Snake Pit
 24715 | Snake:1  | Noticed a nagaraja
 24735 | Snake:1  | Killed a nagaraja
 24962 | Snake:1  | Reached skill level 14 in Unarmed Combat
 24962 | Snake:1  | Reached XP level 16. HP: 91/109 MP: 27/30
 25062 | Snake:1  | Noticed a nagaraja
 25072 | Snake:1  | Killed a nagaraja
 25865 | Snake:2  | Reached skill level 11 in Fighting
 26559 | Snake:2  | Reached skill level 9 in Spellcasting
 26637 | Snake:2  | Reached skill level 10 in Spellcasting
 26786 | Snake:2  | Received a gift from Sif Muna
 26803 | Snake:2  | Learned a level 8 spell: Ignition
 26812 | Snake:2  | Noticed a nagaraja
 26832 | Snake:2  | Killed a nagaraja
 27421 | Snake:2  | Identified a scroll of acquirement
 27422 | Snake:2  | Identified the Collected Works on Supportive Changing (You
                  | acquired it on level 2 of the Snake Pit)
 27432 | Snake:2  | Learned a level 7 spell: Dragon Form
 27656 | Snake:2  | Found a runed translucent door.
 27657 | Snake:2  | Noticed tronn's ghost (journeyman GnIE)
 28856 | Snake:2  | Killed tronn's ghost
 29012 | Spider:1 | Entered Level 1 of the Spider Nest
 29031 | Spider:1 | Reached skill level 15 in Unarmed Combat
 29035 | Spider:1 | Reached skill level 9 in Transmutations
 29356 | Spider:1 | Reached skill level 10 in Transmutations
 29363 | Spider:1 | Reached XP level 17. HP: 86/117 MP: 5/33
 30296 | Spider:1 | Reached skill level 11 in Transmutations
 30671 | Spider:2 | Identified Sif Muna's Tome of Black Arts and Contamination
                  | (Sif Muna gifted it to you on level 2 of the Spider Nest)
 30671 | Spider:2 | Received a gift from Sif Muna
 30838 | Spider:2 | Reached skill level 12 in Transmutations
 31610 | Spider:3 | Entered Level 3 of the Spider Nest
 31732 | Spider:3 | Reached skill level 13 in Transmutations
 31873 | Spider:3 | Noticed Arachne
 31886 | Spider:3 | Killed Arachne
 32446 | Spider:3 | Identified Sif Muna's Volume of Execration (Sif Muna gifted
                  | it to you on level 3 of the Spider Nest)
 32446 | Spider:3 | Received a gift from Sif Muna
 32449 | Spider:3 | Reached skill level 14 in Transmutations
 32953 | Spider:3 | Reached XP level 18. HP: 116/124 MP: 0/34
 33278 | Spider:3 | Reached skill level 15 in Transmutations
 33539 | Spider:3 | Got a gossamer rune of Zot
 33964 | Snake:3  | Entered Level 3 of the Snake Pit
 34066 | Snake:3  | Reached skill level 6 in Evocations
 34268 | Snake:3  | Reached skill level 7 in Invocations
 34967 | Snake:3  | Reached skill level 7 in Evocations
 34990 | Snake:3  | Reached skill level 8 in Invocations
 35685 | Snake:3  | Reached skill level 12 in Fighting
 35728 | Snake:3  | Identified Sif Muna's Handbook of Floating Execration (Sif
                  | Muna gifted it to you on level 3 of the Snake Pit)
 35728 | Snake:3  | Received a gift from Sif Muna
 35733 | Snake:3  | Reached skill level 9 in Fire Magic
 36198 | Snake:3  | Reached skill level 10 in Fire Magic
 36380 | Snake:3  | Noticed Aizul
 36384 | Snake:3  | Killed Aizul
 36601 | Snake:3  | Reached skill level 11 in Fire Magic
 36696 | Snake:3  | Got a serpentine rune of Zot
 37266 | Vaults:1 | Entered Level 1 of the Vaults
 37339 | D:12     | Bought the ring of Light {*Corrode +Fly rF+ MR+ Dex+3} for
                  | 522 gold pieces
 37423 | Vaults:1 | Reached XP level 19. HP: 131/131 MP: 30/35
 37435 | Vaults:1 | Reached skill level 12 in Fire Magic
 38162 | Vaults:1 | Reached skill level 13 in Fire Magic
 38168 | Vaults:1 | Identified Sif Muna's Almanac of Battle Magic and the
                  | Traveller (Sif Muna gifted it to you on level 1 of the
                  | Vaults)
 38168 | Vaults:1 | Received a gift from Sif Muna
 38591 | Vaults:1 | Reached skill level 14 in Fire Magic
 39176 | Vaults:1 | Reached skill level 15 in Fire Magic
 39312 | Vaults:1 | Reached skill level 11 in Spellcasting
 39359 | Vaults:1 | Learned a level 6 spell: Bolt of Fire
 39979 | Vaults:1 | Identified Sif Muna's Volume of the Escort and Arcane
                  | Weapons (Sif Muna gifted it to you on level 1 of the
                  | Vaults)
 39979 | Vaults:1 | Received a gift from Sif Muna
 40406 | Vaults:2 | Reached skill level 16 in Fire Magic
 40710 | Vaults:2 | Reached XP level 20. HP: 137/137 MP: 37/37
 40792 | Vaults:2 | Found a staircase to the Crypt.
 40828 | Vaults:2 | Reached skill level 17 in Fire Magic
 40877 | Vaults:2 | Found Qupy's Magic Scroll Shop.
 40902 | Vaults:2 | Bought a scroll of teleportation for 42 gold pieces
 41121 | Vaults:2 | Identified the +0 hat of the Orcish Mines {rF- MR+ Str+2}
 41349 | Vaults:2 | Reached skill level 18 in Fire Magic
 41394 | Vaults:2 | Identified Sif Muna's Tome of the Crushed Blessings (Sif
                  | Muna gifted it to you on level 2 of the Vaults)
 41394 | Vaults:2 | Received a gift from Sif Muna
 41971 | Vaults:2 | Noticed Margery
 41985 | Vaults:2 | Killed Margery
 41989 | Vaults:2 | Reached skill level 19 in Fire Magic
 42546 | Elf:1    | Entered Level 1 of the Elven Halls
 42762 | Elf:1    | Found a runed translucent door.
 42762 | Elf:1    | Noticed Galewind's ghost (adept AvCj)
 42992 | Elf:1    | Reached skill level 13 in Fighting
 43136 | Elf:1    | Found Quexano's Gadget Emporium.
 43591 | Elf:2    | Reached XP level 21. HP: 147/147 MP: 30/38
 43845 | Elf:2    | Reached skill level 14 in Fighting
 43907 | Elf:2    | Noticed Frances
 43914 | Elf:2    | Killed Frances
 44071 | Elf:2    | Found a runed gate.
 44080 | Elf:2    | Found a runed gate.
 44080 | Elf:2    | Found a runed gate.
 44491 | Elf:2    | Identified Sif Muna's Catalogue of Igneous Transformation
                  | (Sif Muna gifted it to you on level 2 of the Elven Halls)
 44491 | Elf:2    | Received a gift from Sif Muna
 44673 | Elf:2    | Reached skill level 20 in Fire Magic
 44830 | Elf:2    | Reached skill level 5 in Conjurations
 45513 | Elf:3    | Entered Level 3 of the Elven Halls
 45614 | Elf:3    | Found Tid Iptu's General Store.
 45620 | Elf:3    | Reached skill level 6 in Conjurations
 45624 | Elf:3    | Bought a potion of curing for 40 gold pieces
 45685 | Elf:3    | Found Vubb's Gadget Shoppe.
 45685 | Elf:3    | Found Kagum's General Store.
 45689 | Elf:3    | Found Liplirag's Gadget Shoppe.
 45695 | Elf:3    | Bought a potion of curing for 35 gold pieces
 45717 | Elf:3    | Found Yfeigruw's Book Shop.
 45819 | Elf:3    | Identified the ring of Xadofun {+Fly Int+3}
 45907 | Elf:3    | Reached skill level 12 in Spellcasting
 46100 | Elf:3    | Found Qaoked's Magic Scroll Shop.
 46142 | Elf:3    | Reached skill level 7 in Conjurations
 46373 | Elf:3    | Reached skill level 8 in Conjurations
 46380 | Elf:3    | Identified Sif Muna's Collected Works on Assistive Snow
                  | (Sif Muna gifted it to you on level 3 of the Elven Halls)
 46380 | Elf:3    | Received a gift from Sif Muna
 46799 | Elf:3    | Identified the +7 mace of Forced Transition {crush, rC++
                  | Str+2 Int+3}
 46912 | Elf:3    | Reached skill level 13 in Spellcasting
 46914 | Elf:3    | Reached skill level 9 in Conjurations
 47225 | Elf:3    | Identified Heymeb's Guide on the Evil Entourage
 47255 | Elf:3    | Identified the Grimoire of Frigorific Creation
 47261 | Elf:3    | Identified the +4 plate armour of Veazet {MR+ Dex+9 Stlth+}
 47453 | Elf:3    | Identified the cursed +1 plate armour of the Sunfish
                  | {Str+4}
 47625 | Elf:3    | Bought a scroll of fear for 85 gold pieces
 47823 | Depths:1 | Entered Level 1 of the Depths
 47883 | Depths:1 | Reached XP level 22. HP: 154/154 MP: 41/41
 47993 | Depths:1 | Found the +10 Vampire's Tooth {vamp}
 48054 | Depths:1 | Reached skill level 10 in Conjurations
 48054 | Depths:1 | Reached skill level 8 in Evocations
 48139 | Depths:1 | Noticed Zenata
 48150 | Depths:1 | Killed Zenata
 48289 | Depths:1 | Noticed Nikola
 48309 | Depths:1 | Reached skill level 14 in Spellcasting
 48316 | Depths:1 | Reached skill level 9 in Evocations
 48531 | Depths:1 | Found a gateway to a ziggurat.
 48601 | Depths:1 | Reached skill level 10 in Evocations
 48604 | Depths:1 | Reached skill level 11 in Conjurations
 48626 | Depths:1 | Killed Nikola
 48732 | Depths:1 | Identified the ring of Oginoat {*Contam +Fly rF+ Str+2}
 48761 | Depths:1 | Identified Sif Muna's Handbook of Cloudy Arcane Weapons
                  | (Sif Muna gifted it to you on level 1 of the Depths)
 48761 | Depths:1 | Received a gift from Sif Muna
 48951 | Depths:1 | Found Vaanyin's Assorted Antiques.
 48986 | Depths:1 | Bought a potion of haste for 420 gold pieces
 49054 | Depths:1 | Found a gateway to Hell.
 49374 | Depths:2 | Reached skill level 12 in Conjurations
 49639 | Depths:2 | Identified the +6 faerie dragon scales {*Corrode rPois
                  | rF+++ Regen+ rCorr Str-5}
 49639 | Depths:2 | Noticed the Enchantress
 49647 | Depths:1 | Reached skill level 13 in Conjurations
 49815 | Depths:2 | Noticed Sojobo
 49821 | Depths:1 | Killed the Enchantress
 49931 | Depths:2 | Reached skill level 14 in Conjurations
 49939 | Depths:2 | Killed Sojobo
 50196 | Depths:2 | Noticed Bai Suzhen
 50283 | Depths:2 | Killed Bai Suzhen
 50284 | Depths:2 | Reached skill level 15 in Conjurations
 50330 | Depths:2 | Learned a level 9 spell: Fire Storm
 50428 | Depths:2 | Noticed a golden dragon
 50440 | Depths:2 | Killed a golden dragon
 50441 | Depths:2 | Reached XP level 23. HP: 160/160 MP: 43/43
 50645 | Depths:2 | Found a one-way gate to the infinite horrors of the Abyss.
 51008 | Depths:2 | Reached skill level 16 in Conjurations
 51013 | Depths:2 | Received a gift from Sif Muna
 51013 | Depths:2 | Identified the +8 mace "Feenlyl" {venom, Stlth+}
 51357 | Depths:2 | Noticed a golden dragon
 51366 | Depths:2 | Killed a golden dragon
 51372 | Depths:2 | Reached skill level 17 in Conjurations
 51639 | Depths:2 | Identified the +2 halberd of the Enchanted Forest {chop,
                  | rF++ Str+3}
 51808 | Depths:2 | Identified the +4 rapier of the Wilderness {vamp, Fragile
                  | rElec rF+ MP+9}
 52210 | Depths:3 | Reached skill level 18 in Conjurations
 52404 | Depths:3 | Found a one-way gate leading to the halls of Pandemonium.
 52409 | Depths:3 | Identified the +4 buckler of Geesuv {rCorr Str+3}
 52971 | Slime:1  | Entered Level 1 of the Pits of Slime
 52981 | Slime:1  | Identified Sif Muna's Disquisition on the Escort (Sif Muna
                  | gifted it to you on level 1 of the Pits of Slime)
 52981 | Slime:1  | Received a gift from Sif Muna
 53522 | Slime:4  | Reached skill level 19 in Conjurations
 53762 | Slime:5  | Entered Level 5 of the Pits of Slime
 54040 | Slime:5  | Noticed the Royal Jelly
 54412 | Slime:5  | Reached skill level 20 in Conjurations
 54468 | Slime:5  | Killed the Royal Jelly
 54469 | Slime:5  | Received a gift from Sif Muna
 54469 | Slime:5  | Reached XP level 24. HP: 166/166 MP: 12/43
 54688 | Slime:5  | Got a slimy rune of Zot
 54736 | Slime:5  | Identified the cursed +1 mace of the Reaper {flame, +Inv
                  | rF++ rC+ Str-3}
 54760 | Slime:5  | Identified the cursed +2 long sword of Context {flame,
                  | rPois Str+4}
 54787 | Slime:5  | Identified the cursed +0 robe "Adwil" {rElec rCorr Stlth+}
 54883 | Lair:5   | Upgraded the game from bcrawl-1.38.1 to bcrawl-1.38.2
 55107 | Crypt:1  | Entered Level 1 of the Crypt
 55420 | Crypt:1  | Reached skill level 21 in Conjurations
 55588 | Crypt:1  | Reached skill level 9 in Invocations
 56536 | Crypt:2  | Entered Level 2 of the Crypt
 56536 | Crypt:2  | Found a staircase to the Tomb.
 56540 | Crypt:2  | Reached skill level 10 in Invocations
 56673 | Crypt:2  | Received a gift from Sif Muna
 56677 | Crypt:2  | Learned a level 2 spell: Song of Slaying
 56779 | Crypt:2  | Reached skill level 22 in Conjurations
 57158 | Crypt:2  | Found a runed translucent gate.
 57158 | Crypt:2  | Found a runed translucent gate.
 57158 | Crypt:2  | Found a runed translucent gate.
 57158 | Crypt:2  | Found an ancient bone altar of Kikubaaqudgha.
 57158 | Crypt:2  | Noticed an ancient lich
 57158 | Crypt:2  | Noticed Hynnuzim's ghost (veteran CeHu)
 57286 | Crypt:2  | Received a gift from Sif Muna
 57286 | Crypt:2  | Reached skill level 23 in Conjurations
 57418 | Crypt:2  | Found a basalt altar of Yredelemnul.
 57483 | Crypt:2  | Reached skill level 24 in Conjurations
 57693 | Crypt:2  | Noticed an ancient lich
 57711 | Crypt:2  | Killed an ancient lich
 57712 | Crypt:2  | Reached skill level 11 in Invocations
 57712 | Crypt:2  | Reached XP level 25. HP: 171/171 MP: 11/43
 58732 | Crypt:2  | Found the +8 demon blade "Leech" {vamp, rN+ AC-5}
 58898 | Vaults:3 | Entered Level 3 of the Vaults
 58901 | Vaults:3 | Reached skill level 12 in Invocations
 58901 | Vaults:3 | Identified Sif Muna's Reference Book on Creative Snow (Sif
                  | Muna gifted it to you on level 3 of the Vaults)
 58901 | Vaults:3 | Received a gift from Sif Muna
 58901 | Vaults:3 | Reached skill level 21 in Fire Magic
 58909 | Vaults:3 | Noticed Xtahua
 59052 | Vaults:3 | Identified the ring "Xiumi" {Fire Str+4}
 59274 | Vaults:3 | Reached skill level 22 in Fire Magic
 59307 | Vaults:3 | Killed Xtahua
 59308 | Vaults:3 | Found the +6 fire dragon scales of Xtahua {rF+++ rC- MR+}
 59431 | Vaults:3 | Reached skill level 15 in Spellcasting
 59475 | Vaults:3 | Found Sadath's Gadget Shoppe.
 59525 | Vaults:3 | Bought a wand of digging (8) for 216 gold pieces
 59566 | Vaults:3 | Received a gift from Sif Muna
 59611 | Vaults:3 | Identified the +8 morningstar of the Old World {vamp,
                  | Str+2}
 59733 | Vaults:3 | Identified the Handbook of Bloodstone
 59781 | Vaults:3 | Got a silver rune of Zot
 59961 | Vaults:3 | Noticed a juggernaut
 59971 | Vaults:3 | Killed a juggernaut
 60030 | Vaults:3 | Reached skill level 16 in Spellcasting
 60070 | Vaults:3 | Reached XP level 26. HP: 178/178 MP: 41/45
 60211 | Vaults:3 | Found Hiebb's Food Shop.
 60233 | Vaults:3 | Found the +0 Maxwell's etheric cage {RegenMP+ *Contam rElec
                  | Stlth-}
 60262 | Vaults:3 | Reached skill level 23 in Fire Magic
 60408 | Vaults:3 | Identified the +1 ring mail of Ghostly Birdsong {rC- Dex+7}
 60459 | Vaults:3 | Identified the cursed +1 leather armour "Soluiffud" {rC-
                  | Slay+5}
 60751 | Vaults:3 | Identified Fameub's Handbook of Beguiling and Combat Magic
                  | (Sif Muna gifted it to you on level 3 of the Vaults)
 60751 | Vaults:3 | Received a gift from Sif Muna
 60946 | Vaults:3 | Identified the cursed +0 robe "Xeucwyk" {rElec Dex+2}
 61031 | Vaults:3 | Identified the +4 plate armour of Insatiable Hunger {rC++
                  | MR- Dex+4}
 62148 | Depths:3 | Noticed a juggernaut
 62151 | Depths:3 | Reached skill level 24 in Fire Magic
 62156 | Depths:3 | Killed a juggernaut
 62524 | Depths:4 | Reached skill level 15 in Fighting
 62698 | Depths:4 | Found Wowki's Book Shoppe.
 62927 | Depths:4 | Found a transporter.
 62931 | Depths:4 | Found a transporter.
 62932 | Depths:4 | Found a corrupted altar of Lugonu.
 63452 | Depths:4 | Found the cursed +6 arbalest "Damnation" {hellfire, *Curse}
 63484 | Depths:4 | Reached skill level 16 in Fighting
 63563 | Depths:4 | Identified the ring "Yluphir" {Int+3 Dex+6}
 63697 | Depths:5 | Entered Level 5 of the Depths
 63742 | Depths:5 | Reached XP level 27. HP: 149/191 MP: 22/45
 63889 | Depths:5 | Reached skill level 17 in Fighting
 63892 | Depths:5 | Reached skill level 11 in Evocations
 64018 | Depths:5 | Reached skill level 12 in Evocations
 64296 | Depths:5 | Noticed a juggernaut
 64306 | Depths:5 | Killed a juggernaut
 64307 | Depths:5 | Reached skill level 13 in Evocations
 64510 | Depths:5 | Noticed a golden dragon
 64515 | Depths:5 | Killed a golden dragon
 64516 | Depths:5 | Reached skill level 13 in Invocations
 64552 | Depths:5 | Received a gift from Sif Muna
 65076 | Depths:5 | Found a gate to the Realm of Zot.
 65388 | Depths:5 | Learned a level 7 spell: Orb of Destruction
 65391 | Depths:5 | Learned a level 2 spell: Blink
 65555 | D:11     | Learned a level 2 spell: Passwall
 65717 | Zot:1    | Entered Level 1 of the Realm of Zot
 65722 | Zot:1    | Noticed a golden dragon
 65725 | Zot:1    | Reached skill level 1 in Translocations
 65730 | Zot:1    | Killed a golden dragon
 65731 | Zot:1    | Reached skill level 17 in Spellcasting
 65731 | Zot:1    | Reached skill level 2 in Translocations
 65733 | Zot:1    | Reached skill level 3 in Translocations
 65749 | Zot:1    | Reached skill level 4 in Translocations
 65896 | Zot:1    | Reached skill level 14 in Evocations
 66120 | Zot:1    | Reached skill level 15 in Evocations
 66429 | Zot:1    | Found a runed door.
 66476 | Zot:1    | Received a gift from Sif Muna
 66533 | Zot:1    | Found a runed door.
 66585 | Zot:1    | Found a runed door.
 66585 | Zot:1    | Found a runed door.
 66610 | Zot:1    | HP: 37/288 [green draconian stormcaller (45)]
 66611 | Zot:1    | HP: 14/288 [green draconian stormcaller/divine providence
                  | (11)]
 66611 | Zot:1    | HP: 4/288 [green draconian stormcaller/divine providence
                  | (10)]
 67417 | Zot:2    | Noticed an orb of fire
 67422 | Zot:2    | Gained mutation: Your body sometimes deteriorates upon
                  | taking damage. [an orb of fire]
 67431 | Zot:1    | Killed an orb of fire
 67434 | Zot:1    | Gained mutation: You are frail. (-10% HP) [mutagenic glow]
 68171 | Zot:2    | Received a gift from Sif Muna
 68235 | Zot:2    | Reached skill level 25 in Conjurations
 68235 | Zot:2    | Reached skill level 25 in Fire Magic
 68299 | Zot:2    | Noticed an ancient lich
 68303 | Zot:2    | Killed an ancient lich
 68740 | Zot:2    | Noticed an ancient lich
 68743 | Zot:2    | Killed an ancient lich
 68763 | Zot:2    | Reached skill level 18 in Fighting
 68902 | Zot:3    | Reached skill level 14 in Invocations
 69050 | Zot:3    | Killed a Killer Klown
 69088 | Zot:3    | Reached skill level 15 in Invocations
 69411 | Zot:4    | Gained mutation: You are dopey. (Int -2) [mutagenic glow]
 69591 | Zot:5    | Entered Level 5 of the Realm of Zot
 69654 | Zot:5    | Noticed a golden dragon
 69661 | Zot:5    | Killed a golden dragon
 69882 | Zot:5    | Reached skill level 16 in Dodging
 70074 | Zot:5    | Reached skill level 18 in Spellcasting
 70402 | Zot:5    | Noticed a Killer Klown
 70432 | Zot:5    | Killed a Killer Klown
 70936 | Elf:1    | Bought a box of beasts for 340 gold pieces
 70936 | Elf:1    | Bought a wand of acid (7) for 272 gold pieces
 70936 | Elf:1    | Bought a wand of acid (4) for 170 gold pieces
 70936 | Elf:1    | Bought a box of beasts for 340 gold pieces
 71031 | Orc      | Bought a potion of mutation for 88 gold pieces
 71031 | Orc      | Bought 2 potions of mutation for 176 gold pieces
 71427 | Zot:5    | Noticed a golden dragon
 71437 | Zot:5    | Noticed a golden dragon
 71438 | Zot:5    | Killed a golden dragon
 71449 | Zot:5    | Killed a golden dragon
 71450 | Zot:5    | Reached skill level 17 in Dodging
 71450 | Zot:5    | Noticed an orb of fire
 71460 | Zot:5    | Killed an orb of fire
 71461 | Zot:5    | Received a gift from Sif Muna
 71511 | Zot:5    | Noticed an orb of fire
 71527 | Zot:5    | Killed an orb of fire
 72003 | Zot:5    | Noticed an orb of fire
 72015 | Zot:5    | Killed an orb of fire
 72273 | Zot:5    | Reached skill level 18 in Dodging
 72279 | Zot:5    | Noticed an ancient lich
 72281 | Zot:5    | Killed an ancient lich
 72282 | Zot:5    | Reached skill level 26 in Fire Magic
 72586 | Zot:5    | Noticed a golden dragon
 72589 | Zot:5    | Noticed an orb of fire
 72596 | Zot:5    | Gained mutation: You are very frail. (-20% HP) [an orb of
                  | fire]
 72609 | Zot:5    | Killed a golden dragon
 72610 | Zot:5    | Killed an orb of fire
 72867 | Zot:5    | Noticed an orb of fire
 72879 | Zot:5    | Lost mutation: You are dopey. (Int -2) [an orb of fire]
 72880 | Zot:5    | Killed an orb of fire
 72919 | Zot:5    | Noticed an orb of fire
 72930 | Zot:5    | Killed an orb of fire
 72931 | Zot:5    | Identified Sif Muna's Collected Works on Quantum Summoning
                  | (Sif Muna gifted it to you on level 5 of the Realm of Zot)
 72931 | Zot:5    | Received a gift from Sif Muna
 73032 | Zot:5    | Lost mutation: Your body sometimes deteriorates upon taking
                  | damage. [potion of mutation]
 73032 | Zot:5    | Lost mutation: You are very frail. (-20% HP) [potion of
                  | mutation]
 73032 | Zot:5    | Lost mutation: You are frail. (-10% HP) [potion of
                  | mutation]
 73032 | Zot:5    | Gained mutation: You are robust. (+10% HP) [potion of
                  | mutation]
 73032 | Zot:5    | Gained mutation: Your spells are a little easier to cast,
                  | but a little less powerful. [potion of mutation]
 73032 | Zot:5    | Gained mutation: You are surrounded by a mild repulsion
                  | field. (EV +2) [potion of mutation]
 73032 | Zot:5    | Gained mutation: You are somewhat resistant to further
                  | mutation. [potion of mutation]
 73135 | Zot:5    | Noticed an ancient lich
 73138 | Zot:5    | Killed an ancient lich
 73139 | Zot:5    | Reached skill level 27 in Fire Magic
 73199 | Zot:5    | Noticed a Killer Klown
 73208 | Zot:5    | Killed a Killer Klown
 73305 | Zot:5    | Reached skill level 19 in Dodging
 73541 | Zot:5    | Got the Orb of Zot
 73561 | Zot:5    | Reached skill level 20 in Dodging
 73959 | D:1      | Noticed Efemytao the pandemonium lord
 73968 | D:1      | Killed Efemytao the pandemonium lord
 74027 | D:$      | Escaped with the Orb!

Skill      XL: |  1  2  3  4  5  6  7  8  9 10 11 12 13 14 15 16 17 18 19 20 21 22 23 24 25 26 27 |
---------------+----------------------------------------------------------------------------------+-----
Short Blades   | 3 4 5 6 7 9 |  9.0
Fighting       | 4 5 7 8 9 10 11 12 13 14 16 18 | 18.0
Dodging        | 7 11 13 15 20 | 20.3
Evocations     | 3 5 7 10 15 | 15.0
Unarmed Combat | 3 9 10 11 12 13 14 15 | 15.0
Spellcasting   | 4 6 8 10 11 13 14 16 18 | 18.0
Transmutations | 7 8 10 14 15 | 15.0
Charms         | 5 |  5.0
Invocations    | 2 6 8 11 12 15 | 15.0
Fire Magic     | 8 11 16 19 20 22 24 27 | 27.0
Conjurations   | 4 9 15 20 24 25 | 25.0
Translocations | 4 |  4.0
Shields        | |  3.6

Action                   |  1- 3 |  4- 6 |  7- 9 | 10-12 | 13-15 | 16-18 | 19-21 | 22-24 | 25-27 || total
-------------------------+-------+-------+-------+-------+-------+-------+-------+-------+-------++-------
Melee: Rapier            |   121 |   312 |   309 |   159 |       |       |       |       |       ||   901
       War axe           |       |       |    84 |   125 |       |       |       |       |       ||   209
       Unarmed           |       |       |       |   537 |  1189 |  1116 |   543 |   447 |   643 ||  4475
       Punch             |       |       |       |    15 |    86 |    75 |    26 |    39 |    65 ||   306
       Tailslap          |       |       |       |       |       |    57 |    66 |    90 |   133 ||   346
       Bite              |       |       |       |       |       |    54 |    71 |    80 |    98 ||   303
Throw: Tomahawk          |       |     4 |    37 |    69 |     5 |     6 |       |       |       ||   121
 Cast: Blade Hands       |       |       |       |    28 |    89 |    47 |       |       |       ||   164
       Sticks to Snakes  |       |       |       |    20 |     8 |     4 |       |     2 |       ||    34
       Infusion          |       |       |       |       |    28 |     4 |     1 |       |       ||    33
       Fireball          |       |       |       |       |     1 |    29 |    12 |       |       ||    42
       Irradiate         |       |       |       |       |       |     2 |     1 |    15 |    45 ||    63
       Dragon Form       |       |       |       |       |       |    19 |     1 |     2 |     1 ||    23
       Bolt of Fire      |       |       |       |       |       |       |    52 |   123 |    13 ||   188
       Ignition          |       |       |       |       |       |       |    59 |   102 |    76 ||   237
       Fire Storm        |       |       |       |       |       |       |       |    11 |   200 ||   211
       Song of Slaying   |       |       |       |       |       |       |       |     3 |    16 ||    19
       Blink             |       |       |       |       |       |       |       |       |     2 ||     2
Invok: Divine Energy     |       |       |       |       |       |     2 |     5 |     6 |       ||    13
       Channel Magic     |       |       |       |       |       |       |       |     2 |     8 ||    10
       Moment of Magic   |       |       |       |       |       |       |       |       |     4 ||     4
 Abil: End Transformatio |       |       |       |       |     3 |     8 |     1 |     1 |     1 ||    14
       Evoke Invisibilit |       |       |       |       |       |     9 |     1 |       |     8 ||    18
       Breathe Fire      |       |       |       |       |       |     2 |       |       |       ||     2
Evoke: Wand              |       |       |     4 |    12 |     1 |     4 |     1 |     6 |     6 ||    34
       Lamp of fire      |       |       |       |       |       |     1 |     2 |     1 |       ||     4
  Use: Scroll            |     6 |       |     4 |    10 |    11 |    12 |     2 |     9 |    11 ||    65
       Potion            |       |     1 |     3 |     6 |     1 |     3 |     3 |     9 |    15 ||    41
 Stab: Invisible         |       |     2 |     2 |       |       |    18 |     1 |       |     5 ||    28
       Paralysed         |       |       |       |     3 |       |       |       |       |       ||     3
       Distracted        |       |       |       |     1 |     2 |       |       |       |     1 ||     4
       Petrified         |       |       |       |       |     2 |       |       |       |       ||     2
       Petrifying        |       |       |       |       |     1 |       |       |       |       ||     1
       Confused          |       |       |       |       |       |       |       |       |     1 ||     1
  Eat: Chunk             |     6 |    15 |    20 |    48 |    50 |    33 |    36 |    21 |    18 ||   247
       Ration            |       |       |       |     2 |     1 |     7 |     4 |     7 |    19 ||    40
Armor: Skin              |     9 |    85 |    78 |   117 |    95 |   177 |    88 |   118 |   130 ||   897
Dodge: Dodged            |    41 |   114 |   144 |   348 |   816 |   711 |   161 |   205 |   289 ||  2829
Block: Medium shield     |    86 |   259 |   305 |   532 |       |       |       |       |       ||  1182
       Other             |       |       |       |    54 |   384 |   614 |   246 |   305 |   404 ||  2007
       Reflection        |       |       |       |       |    11 |    47 |    33 |    40 |    41 ||   172

Levels and vault maps discovered:
D:1:      minmay_arrival_solitary_statue, layout_basic
D:2:      layout_basic, first_ration
D:3:      layout_loops_ring, gup_sewer_entry_bubbles, hangedman_feature_mirror
D:4:      layout_rooms
D:5:      layout_rooms, makhleb_blood_cavern_becter,
          nicolae_tso_carved_into_rock, uniq_blork_the_orc, uniq_pikel
D:6:      layout_basic, kennysheep_mini, uniq_crazy_yiuf_cottage, uniq_duvessa,
          uniq_sigmund
D:7:      layout_basic, minmay_temple_entry_grid, kennysheep_decorative_pillar
D:8:      layout_gridville, serial_glass, glass_columns_b, glass_columns_a
D:9:      minmay_spotlight, layout_basic, minmay_lair_entry_grove, serial_shops,
          nicolae_shop_crystal
D:10:     layout_long_grid, hiddenorc2_lemuel, grunt_livestock, elyvilon_altar_3
D:11:     layout_long_grid, erik_vaults_2, minivault_29, uniq_fannar
D:12:     grunt_enter_depths_magical_seal, layout_gridville, serial_shops, shop,
          uniq_kirke
Temple:   mainiacjoe_temple_starburst
Lair:1:   kb_forest_paths, layout_regular_city, basic_altar, st_stairs_8
Lair:2:   layout_gridlike, guppyfry_snake_entry_garden,
          spider_nest_entry_rubble, grunt_megastairs_1,
          infiniplex_staircase_pool_2, serial_bayou_shore_b,
          minmay_lair_oklob_chamber, serial_bayou_shore_a
Lair:3:   layout_regular_city, basic_altar
Lair:4:   layout_concentric_octagons, serial_bayou_shore_b, grunt_megastairs_5,
          serial_bayou_shore_b, lemuel_fruit_tree
Lair:5:   gammafunk_cloud_chamber, layout_loops_ring,
          minmay_slime_entry_jelly_boxes, basic_altar
Lair:6:   evilmike_catoblepas_cave, layout_regular_city
Snake:1:  layout_basic
Snake:2:  layout_cave_town, ebering_ghost_reflecting_pool, grunt_ministairs_6,
          grunt_megastairs_2
Snake:3:  grunt_snake_rune_pools, layout_layer_cave, uniq_aizul
Spider:1: layout_spider_delve
Spider:2: layout_spider_delve, nicolae_spider_stair_cavern
Spider:3: spider_rune_water, uniq_arachne
Slime:1:  layout_caves
Slime:2:  layout_caves
Slime:3:  layout_caves
Slime:4:  layout_caves
Slime:5
Orc:      st_orc_open, layout_caves
Elf:1:    elf_arrival_002, layout_rooms, gammafunk_ghost_grave, serial_shops,
          nicolae_shop_waterfront, hangedman_elf_represent,
          serial_sigils_hangedman_scratch
Elf:2:    nicolae_elf_blades_crystal_corner, layout_geoelf_grid,
          nicolae_elevator_lobby_asterisk, uniq_frances
Elf:3:    minmay_elf_hall_dome, layout_geoelf_grid, serial_shops,
          shop_fountains, shop, nicolae_shop_statue_plus, spider_trap,
          minivault_27, corexii_hall_statues_u, minmay_shop_star
Vaults:1: v_misc_13, v_alt_pattern_5, v_misc_26, v_misc_16, v_alt_pattern_6,
          nicolae_vaults_little_squares_3, grunt_vaults_swirl,
          vaults_room_guarded_vault, vaults_room_grunt_arrival_ludios,
          ontoclasm_vaults_twist, layout_vaults_omnigrid
Vaults:2: v_misc_22, vaults_mumra_chevron, ontoclasm_vaults_chip,
          vaults_mumra_hexcomb, grunt_vaults_hallway_short,
          vaults_standard_mumra_x, v_alt_pattern_6,
          ontoclasm_vaults_ring_square, nicolae_vaults_puzzle_piece,
          minmay_crypt_entry_simple_walls, vaults_dpeg_diagonal,
          nicolae_vaults_network_square, st_diamondy, v_misc_14,
          hangedman_vaults_stretched_pinwheel, layout_vaults_omnibox,
          serial_shops, nicolae_shop_window_shopping, uniq_margery
Vaults:3: serial_shops, uniq_xtahua
Crypt:1:  layout_catacombs
Crypt:2:  church_of_pain_bobbens, layout_chaotic_city, gammafunk_ghost_crypt,
          st_stairs_3, corner_web_ring
Depths:1: layout_small_grid, enter_ziggurat_c, serial_shops, nicolae_shop_stone,
          grunt_metal_band, kennysheep_another_room,
          minmay_guarded_unrand_vampires_tooth, uniq_zenata, uniq_nikola
Depths:2: evilmike_diamond_1, layout_cave_pools, abyss_entry,
          hangedman_decor_push, hell_entry, lightli_corner_chamber,
          uniq_bai_suzhen, uniq_sojobo, uniq_enchantress
Depths:3: kennysheep_bubbly, layout_cave_pools, hangedman_decor_diamond_cutter,
          pan_entry, pf_dread_powers_of_hell
Depths:4: gammafunk_corrupted_shrine, layout_cave_pools,
          grunt_hell_entry_dis_old, abyss_entry_crystal, serial_shops, shop,
          infiniplex_staircase_door_maze, serial_bayou_shore_b
Depths:5: grunt_twist_and_shout, layout_twisted_cross, hangedman_coc_ice_floe,
          roderic_lattice_a
Zot:1:    lemuel_draconian_sentries_small, layout_misc_corridors,
          bh_zot_lava_cross
Zot:2:    layout_cathedral_of_symmetry, ebering_ghost_reflecting_pool,
          hangedman_snap_crack_crunch, grunt_megastairs_4
Zot:3:    layout_onion_interference
Zot:4:    gammafunk_sealed_arena, layout_gridlike
Zot:5:    layout_basic, skrybe_zot_glass_2

Table legend:
 A = Turns spent in this place as a percentage of turns spent in the entire game.
 B = Non-inter-level travel turns spent in this place as a percentage of non-inter-level travel turns spent in the entire game.
 C = Inter-level travel turns spent in this place as a percentage of turns spent in this place.
 D = Turns resting spent in this place as a percentage of non-inter-level travel turns spent in this place.
 E = Turns spent auto-exploring this place as a percentage of non-inter-level travel turns spent in this place.
 F = Non-inter-level travel turns spent in this place divided by the number of levels of this place that you've seen.
                   A       B       C       D       E      F
               +-------+-------+-------+-------+-------+----------------------
         Total | 100.0 | 100.0 |   8.6 |  25.6 |  50.7 | 1353.2
       Dungeon |  21.8 |  20.6 |  13.8 |   9.5 |  62.9 | 1159.9
        Temple |   0.4 |   0.4 |  20.4 |   0.0 |  98.8 | 249.0
          Lair |  11.8 |  11.6 |  10.1 |  10.9 |  65.9 | 1309.7
     Snake Pit |   9.8 |  10.1 |   5.4 |  30.3 |  46.2 | 2279.3
   Spider Nest |   6.6 |   6.7 |   6.3 |  15.9 |  56.8 | 1521.7
    Slime Pits |   2.5 |   2.7 |   2.2 |  77.7 |   0.0 | 359.2
  Orcish Mines |   1.9 |   1.6 |  22.1 |  11.0 |  46.3 | 1086.0
   Elven Halls |   6.7 |   6.6 |   9.8 |  20.0 |  59.2 | 1493.7
        Vaults |  10.4 |  10.9 |   4.9 |  26.2 |  55.4 | 2448.0
         Crypt |   4.7 |   4.7 |   8.5 |  11.9 |  64.8 | 1594.5
        Depths |  12.7 |  12.8 |   7.4 |  38.7 |  41.8 | 1736.0
           Zot |   9.9 |  10.4 |   3.8 |  60.4 |  17.3 | 1410.4
         Sewer |   0.8 |   0.9 |   0.0 |   1.7 |  34.9 | 605.0
               +-------+-------+-------+-------+-------+----------------------

Table legend:
 A = Kills in this place as a percentage of kills in entire the game.
 B = Kills by you in this place as a percentage of kills by you in the entire game.
 C = Kills by friends in this place as a percentage of kills by friends in the entire game.
 D = Other kills in this place as a percentage of other kills in the entire game.
 E = Experience gained in this place as a percentage of experience gained in the entire game.
 F = Experience gained in this place divided by the number of levels of this place that you have seen.
                   A       B       C       D       E      F
               +-------+-------+-------+-------+-------+----------------------
         Total | 100.0 | 100.0 | 100.0 | 100.0 | 100.0 | 36195.4
       Dungeon |  17.4 |  17.6 |   0.0 |  12.5 |   3.3 | 5045.6
          Lair |   7.3 |   7.4 |   5.3 |   0.0 |   2.7 | 8013.7
     Snake Pit |   8.1 |   8.3 |   0.0 |   2.5 |   6.3 | 37988.3
   Spider Nest |   8.0 |   8.1 |   5.3 |   5.0 |   4.6 | 27805.3
    Slime Pits |   2.8 |   2.8 |   5.3 |   0.0 |   3.9 | 14093.0
  Orcish Mines |   2.7 |   2.8 |   0.0 |   0.0 |   1.0 | 17872.0
   Elven Halls |   7.2 |   7.3 |   0.0 |   5.0 |   7.6 | 45667.7
        Vaults |  14.0 |  13.6 |   0.0 |  42.5 |  17.0 | 102424.3
         Crypt |   6.9 |   7.1 |   0.0 |   0.0 |   7.4 | 67159.5
        Depths |  13.8 |  13.5 |  21.1 |  27.5 |  20.8 | 75242.4
           Zot |   9.1 |   8.7 |  63.2 |   5.0 |  25.4 | 92063.6
         Sewer |   2.7 |   2.8 |   0.0 |   0.0 |   0.0 | 300.0
               +-------+-------+-------+-------+-------+----------------------
